 Dungeon Crawl Stone Soup version 0.31.0-12-g77e489cdc1 (webtiles) character file.

Game seed: 14437303596635051168

1295 jagang the Trooper (level 8, 0/54 (65) HPs)
             Began as a Human Monk on Feb 27, 2024.
             Was a Believer of the Shining One.
             Killed by divine providence
             ... invoked by Jeremiah
              (17 damage)
             ... on level 6 of the Dungeon.
             The game lasted 00:15:03 (5075 turns).

jagang the Trooper (Human Monk)                     Turns: 5075, Time: 00:15:04

HP:   0/54 (65)     AC: 18    Str: 12    XL:     8   Next: 56%
MP:   10/10         EV:  1    Int: 11    God:    the Shining One [**....]
Gold: 189           SH:  9    Dex: 17    Spells: 7/7 levels left

rFire   . . .        E - +0 scimitar
rCold   . . .        p - +0 kite shield
rNeg    + . .        F - +0 plate armour
rPois   .            l - +0 helmet
rElec   .            x - +0 cloak
rCorr   .            (no gloves)
SInv    .            (no boots)
Will    .....        w - amulet of regeneration Stlth
                     m - +4 ring of protection
HPRegen 1.09/turn    (no ring)
MPRegen 0.12/turn

%: no passive effects
@: glowing, heavily drained
A: explore regen
a: Renounce Religion, Divine Shield


You were on level 6 of the Dungeon.
You worshipped the Shining One.
The Shining One was pleased with you.
You visited 2 branches of the dungeon, and saw 7 of its levels.

You collected 189 gold pieces.

Inventory:

Hand Weapons
 E - a +0 scimitar (weapon)
Missiles
 f - 10 boomerangs
 o - a poisoned dart (quivered)
 r - 4 darts of dispersal
Armour
 l - a +0 helmet (worn)
 p - a +0 kite shield (worn)
 x - a +0 cloak (worn)
 F - a +0 plate armour (worn)
Jewellery
 e - a ring of flight
 m - a +4 ring of protection (left hand)
 w - an amulet of regeneration (around neck)
 z - an amulet of guardian spirit
Wands
 d - a wand of flame (16)
 D - a wand of roots (2)
Scrolls
 b - a scroll of blinking
 g - 2 scrolls of poison
 h - a scroll of amnesia
 k - 2 scrolls of immolation
 n - 4 scrolls of teleportation
 s - a scroll of fear
 y - 2 scrolls of noise
Potions
 c - a potion of ambrosia
 i - a potion of curing
 q - a potion of degeneration {unknown}
 t - a potion of magic {unknown}
 u - a potion of attraction {unknown}
 v - a potion of invisibility {unknown}
 A - a potion of heal wounds {unknown}
 B - a potion of haste {unknown}


   Skills:
 * Level 6.6 Fighting
 * Level 6.1 Long Blades
 - Level 1.1 Throwing
 + Level 3.8 Armour
 - Level 3.0 Dodging
 + Level 3.1 Shields
 + Level 2.6 Invocations


You had 7 spell levels left.
You didn't know any spells.
Your spell library contained the following spells:

 Spells                   Type           Power      Damage    Failure   Level
 Jinxbite                 Hex            0%         N/A       100%        2
 Sublimation of Blood     Necr           0%         N/A       100%        2
 Petrify                  Alch/Erth      0%         N/A       100%        4
 Irradiate                Conj/Alch      0%         3d11      100%        5
 Yara's Violent Unravell  Hex/Alch       0%         3d3       100%        5
 Enfeeble                 Hex            0%         N/A       100%        7


Dungeon Overview and Level Annotations

Branches:
Dungeon (6/15)             Temple (1/1) D:5

Altars:
Cheibriados
Dithmenos
Elyvilon
Fedhas
Hepliaklqana
Kikubaaqudgha
Okawaru
Qazlal
Sif Muna
Trog
Uskayaw
Vehumet
Xom
Yredelemnul
Zin
The Shining One

Shops:
D:1 [

Annotations:
D:6 Jeremiah


Innate Abilities, Weirdness & Mutations

You regain HP and MP as you explore.


Message History

Jeremiah is nearby!
The butterfly disappears in a burst of colours! x2
The butterfly disappears in a burst of colours! x3
The butterfly disappears in a burst of colours!
You open the door.
There is an open door here.
You start waiting.
The butterfly disappears in a burst of colours!
Jeremiah shouts, "O dreadful one, destroy my foe!"
Something smites you!
Failed to move towards target.
Jeremiah hits you from afar with a +3 trident of draining!
You partially resist.
You feel drained.
Jeremiah hits you from afar with a +3 trident of draining.
You partially resist.
You feel drained.
Jeremiah hops!
Jeremiah hits you from afar with a +3 trident of draining.
You partially resist.
You feel drained.
Jeremiah hits you with a +3 trident of draining.
You partially resist.
You feel drained.
You hit Jeremiah but do no damage.
Jeremiah hits you with a +3 trident of draining!
You partially resist.
You feel drained.
You slash Jeremiah!
Jeremiah is moderately wounded.
The butterfly disappears in a burst of colours!
Jeremiah hits you but does no damage. You partially resist.
You block Jeremiah's attack.
You hit Jeremiah.
Jeremiah is moderately wounded.
Jeremiah cries, "Fearful master, protect me!"
Something smites you!
* * * LOW HITPOINT WARNING * * *
You hit Jeremiah but do no damage.
Jeremiah is moderately wounded.
The butterfly disappears in a burst of colours! x2
Jeremiah mumbles a slurred invocation.
Something smites you!
You die...
Jeremiah asks, "Is it over?
Can I wake up now?"

###### ###.....'.#......#......
#.......#.#.#....#...... .####
#)####.##.#.#.#.....#### ....#
###.# #.#......#...###
##...##...## #.####.###.>#######
#..........# #.# #.# ##........
.#.....##.###+####+## #.#######
#....#....b.bF..b..# #.##.....
....#..#.b.b...b@bbb..###.##.###.
.....###.[.b.b..bb....'...# #.
#... ##...b..b......##### #. #.
..#........b##'########### #
....#.###.####≈.§≈≈≈§≈§≈≈≈#
.....#.# #.# #§.§[..§§§...'
...$...# #.# #§.########§≈#
###### ## #. #≈.#......#§≈#
#≈.#.####.#.≈#


You could see Jeremiah.

Vanquished Creatures
  Sigmund (D:5)
  An orc warrior (D:6)
  2 ice beasts (D:6)
  An ogre (D:5)
  2 scorpions
  A howler monkey (D:3)
  A jelly (D:5)
  4 orc priests
  2 sleepcaps
  5 iguanas
  4 orc wizards
  7 gnolls
  6 adders
  A shadow imp (D:6)
  3 dart slugs
  9 orcs
  5 endoplasms
  5 giant cockroaches
  9 goblins
  6 hobgoblins
  A quokka (D:1)
  A ball python (D:3)
  2 bats (D:1)
  5 frilled lizards
  4 kobolds
  5 rats
93 creatures vanquished.

Notes
Turn   | Place    | Note
-------+----------+-------------------------------------------
     0 | D:1      | jagang the Human Monk began the quest for the Orb.
     0 | D:1      | Reached XP level 1. HP: 18/18 MP: 1/1
    92 | D:1      | Reached XP level 2. HP: 24/24 MP: 2/2
   442 | D:1      | Reached skill level 1 in Armour
   555 | D:1      | Reached XP level 3. HP: 29/29 MP: 3/3
   621 | D:1      | Found Lywyiq's Antique Armour Shop.
  1839 | D:3      | Reached XP level 4. HP: 13/37 MP: 4/4
  2187 | D:3      | Found a white marble altar of Elyvilon.
  2418 | D:3      | Reached skill level 1 in Throwing
  2418 | D:3      | Reached XP level 5. HP: 41/43 MP: 5/5
  2455 | D:3      | Found a snail-covered altar of Cheibriados.
  2645 | D:4      | Found a radiant altar of Vehumet.
  2674 | D:4      | Found a stormy altar of Qazlal.
  2676 | D:4      | Noticed a fire elemental
  2676 | D:4      | Noticed an air elemental
  2677 | D:4      | Noticed a water elemental
  3054 | D:4      | Found a hazy altar of Hepliaklqana.
  3142 | D:5      | Entered Level 5 of the Dungeon
  3151 | D:4      | Reached skill level 1 in Shields
  3151 | D:4      | Reached XP level 6. HP: 48/50 MP: 6/6
  3191 | D:5      | Reached skill level 5 in Fighting
  3319 | D:5      | Found a staircase to the Ecumenical Temple.
  3328 | Temple   | Entered the Ecumenical Temple
  3342 | Temple   | Became a worshipper of the Shining One
  3342 | Temple   | Reached * piety under the Shining One
  3342 | Temple   | Reached ** piety under the Shining One
  3414 | D:5      | Reached XP level 7. HP: 56/56 MP: 7/7
  3437 | D:5      | Found a shimmering blue altar of Sif Muna.
  3466 | D:5      | Noticed Sigmund
  3499 | D:5      | Killed Sigmund
  3500 | D:5      | Reached skill level 5 in Long Blades
  3500 | D:5      | Reached skill level 1 in Invocations
  4208 | D:6      | Reached XP level 8. HP: 39/64 MP: 9/9
  4706 | D:6      | Noticed Jeremiah
  4722 | D:6      | Identified the +1 robe of the Evening Star {rN+}
  5075 | D:6      | Killed from afar by Jeremiah

Illustrated notes

Levels and vault maps discovered:
D:1:      amcnicky_arrival_single_pillar, layout_basic, serial_shops, shop
D:2:      layout_loops_corners, minmay_misc_feat_pillars
D:3:      layout_loops_cross, mainiacjoe_overflow_cross_hatched,
          mainiacjoe_overflow_alcove_1
D:4:      layout_rooms, lemuel_crystal_altar, nzn_hepliaklqana_mist_gate,
          nicolae_qazlal_style_of_elements
D:5:      layout_basic, kennysheep_orc_sif_temple,
          minmay_temple_entry_gardened_gates, uniq_sigmund
D:6:      layout_basic, kennysheep_small_spiral, minmay_misc_feat_chi,
          chequers_serial_rivers_micro_d, uniq_jeremiah
Temple:   hellmonk_temple_beads

Skill      XL: |  1  2  3  4  5  6  7  8 |
---------------+-------------------------+-----
Armour         | 1 2 3 |  3.8
Fighting       | 4 5 6 |  6.6
Throwing       | 1 |  1.1
Long Blades    | 4 5 6 |  6.1
Shields        | 1 2 3 |  3.1
Invocations    | 1 2 |  2.6
Dodging        | |  3.0

Action                     |  1- 3 |  4- 6 |  7- 9 || total
---------------------------+-------+-------+-------++-------
  Melee: Falchion          |   104 |   109 |   207 ||   420
         Scimitar          |       |       |    29 ||    29
  Throw: Boomerang         |       |     9 |    19 ||    28
         Dart              |       |       |     2 ||     2
 Invoke: Divine Shield     |       |       |     2 ||     2
    Use: Scroll            |       |     4 |     6 ||    10
         Potion            |       |       |     2 ||     2
 Armour: Robe              |    11 |       |       ||    11
         Ring mail         |     6 |       |       ||     6
         Leather armour    |     5 |       |       ||     5
         Chain mail        |    48 |    74 |   147 ||   269
         Plate armour      |       |       |    15 ||    15
  Dodge: Dodged            |    46 |    27 |    29 ||   102
  Block: Kite shield       |       |     1 |   110 ||   111
